 Dungeon Crawl Stone Soup version 0.28-a0-1080-g05a166d0ed (webtiles) character file.

Game seed: 5387615666593744561

14 croobank the Chopper (level 2, -4/24 HPs)
             Began as a Human Cinder Acolyte on Dec 10, 2021.
             Was a High Priest of Ignis.
             Slain by a kobold (7 damage)
             ... on level 1 of the Dungeon.
             The game lasted 00:03:00 (476 turns).

croobank the Chopper (Human Cinder Acolyte)          Turns: 476, Time: 00:03:01

Health: -4/24      AC:  2    Str: 14    XL:     2   Next: 60%
Magic:  3/3        EV: 11    Int: 14    God:    Ignis [*****.]
Gold:   47         SH:  0    Dex:  8    Spells: 3/3 levels left

rFire   + . .      SeeInvis .   a - -1 hand axe (flame)
rCold   . . .      Faith    .   (no shield)
rNeg    . . .      Spirit   .   b - +0 robe
rPois   .          Reflect  .   (no helmet)
rElec   .          Harm     .   (no cloak)
rCorr   .          Rampage  .   (no gloves)
Will    .....                   (no boots)
Stlth   +.........              (no amulet)
HPRegen 0.08/turn               (no ring)
MPRegen 0.08/turn               (no ring)

@: flying
A: no striking features
a: Renounce Religion, Fiery Armour, Foxfire Swarm, Rising Flame


You were on level 1 of the Dungeon.
You worshipped Ignis.
Ignis was extremely pleased with you.
You visited 1 branch of the dungeon, and saw 1 of its levels.

You collected 47 gold pieces.

Inventory:

Hand Weapons
 a - a -1 hand axe of flaming (weapon)
Missiles
 f - 18 bolts
Armour
 b - a +0 robe (worn)
Potions
 d - a potion of magic


   Skills:
 + Level 3.2 Fighting
 + Level 3.3 Axes
 + Level 1.0 Spellcasting
 + Level 3.1 Fire Magic


You had 3 spell levels left.
You didn't know any spells.
Your spell library contained the following spells:

 Spells                   Type           Power      Damage    Failure   Level
 Scorch                   Fire           18%        2d6       11%         2


Dungeon Overview and Level Annotations

Branches:
Dungeon (1/15)

Altars:


Message History

The kobold hits you with a +0 short sword.
You don't know any spells.
It was a potion of flight.
You feel very buoyant.
You fly up into the air.
The kobold hits you but does no damage.
You closely miss the kobold.
The kobold hits you with a +0 short sword.
You hit the kobold. You burn the kobold.
The kobold is heavily wounded.
The kobold misses you.
You barely miss the kobold.
The kobold is heavily wounded.
The kobold closely misses you.
You barely miss the kobold.
The kobold is heavily wounded.
The kobold hits you with a +0 short sword.
You closely miss the kobold.
The kobold is heavily wounded.
The kobold hits you with a +0 short sword.
* * * LOW HITPOINT WARNING * * *
The kobold hits you with a +0 short sword.
* * * LOW HITPOINT WARNING * * *
You reach down and open the door.
The kobold closely misses you.
There is an open door here.
You reach down and open the door. 3 kobolds come into view.
A kobold is wielding a +2 short sword of electrocution.
The kobold shouts! x2
A bat comes into view.
There is an open door here.
As you read the scroll labelled MATZOA WINOFEGO, it crumbles to dust.
It is a scroll of identify.
You don't have any unidentified items.
The kobold barely misses you. The bat barely misses you.
You closely miss the kobold. You hit the bat but do no damage.
The bat hits you.
* * * LOW HITPOINT WARNING * * *
The kobold hits you with a +2 short sword of electrocution!
You die...

##### ..... ###
#...#. ...#####
#.K...# #.....)
..K.... #....
##....... #....
#bK...... #?...
#@############....
#K##.K..#.K.r.g...
#≈##≈##.#.####....
#.##K≈≈#..K.#
####.
#.#≈######### #..
#.##≈≈≈≈≈≈# ....
#.#≈###≈#≈# ####.
#### ####
#.#≈#≈<≈#≈# ....
#.... ..#
#.#≈≈≈≈≈≈≈# ####


You could see a bat and 5 kobolds.

Vanquished Creatures
  A bat (D:1)
  5 endoplasms (D:1)
  2 giant cockroaches (D:1)
  A ball python (D:1)
  2 frilled lizards (D:1)
  A kobold (D:1)
  A rat (D:1)
13 creatures vanquished.

Notes
Turn   | Place    | Note
-------+----------+-------------------------------------------
     0 | D:1      | croobank the Human Cinder Acolyte began the quest for the
                  | Orb.
     0 | D:1      | Reached XP level 1. HP: 18/18 MP: 2/2
    41 | D:1      | Reached XP level 2. HP: 17/24 MP: 3/3
   476 | D:1      | Slain by a kobold

Illustrated notes

Levels and vault maps discovered:
D:1:      ncdulo_wetmaze, layout_rooms, grunt_decor_fettered, minmay_tromino_v7

Action                   || total
-------------------------++-------
Melee: Hand axe          ||    41
  Use: Potion            ||     2
       Scroll            ||     1
Armor: Robe              ||    11
Dodge: Dodged            ||    24

Table legend: (Time is in decaauts)
 A = Elapsed time spent in this place.
 B = Non-inter-level travel time spent in this place.
 C = Inter-level travel time spent in this place.
 D = Time resting spent in this place.
 E = Time spent auto-exploring this place.
 F = Levels seen in this place.
 G = Mean time per level.
                   A        B        C        D        E       F      G
               +--------+--------+--------+--------+--------+-----+--------+
         Total |    485 |    485 |      0 |    207 |    149 |   1 |  485.0 |
       Dungeon |    485 |    485 |      0 |    207 |    149 |   1 |  485.0 |
               +--------+--------+--------+--------+--------+-----+--------+

Top non-repeatable levels by time:
     D:1: 485 daAuts
